 Dungeon Sprint DCSS version 0.31-a0-656-gb4d89c20fa (webtiles) character file.

Game seed: 16233891706722207728

4400000 zazu2006 the Axe Maniac (level 23, -39/219 HPs)
             Began as a Demonspawn Gladiator on Aug 30, 2023.
             Was the Champion of Makhleb.
             Annihilated by a large bag of meat
             ... wielding a +9 giant spiked club
              (67 damage)
             ... in the Dungeon (Sprint VIII: "Arena of Blood").
             The game lasted 00:02:48 (44 turns).

zazu2006 the Axe Maniac (Demonspawn Gladiator)        Turns: 44, Time: 00:02:48

Health: -39/219    AC:  8    Str: 22    XL:     23   Next: 74%
Magic:  42/42      EV: 40    Int: 11    God:    Makhleb [******]
Gold:   0          SH:  0    Dex: 23    Spells: 52/52 levels left

rFire   . . .        l - +∞ Axe of Woe
rCold   . . .        (shield currently unavailable)
rNeg    . . .        b - +0 leather armour
rPois   .            c - +0 helmet
rElec   .            (no cloak)
rCorr   .            (gloves unavailable)
SInv    .            (no boots)
Will    +....        (no amulet)
Stlth   ++++++++++   (no ring)
HPRegen 0.56/turn    (no ring)
MPRegen 0.28/turn

%: no teleportation
@: mighty, agile
A: claws 3, thin skeletal structure 3, foul stench 3, powered by pain 3,
augmentation 2
a: Renounce Religion, Minor Destruction, Lesser Servant of Makhleb, Major
Destruction, Greater Servant of Makhleb


You were in the Dungeon.
You worshipped Makhleb.
Makhleb was exalted by your worship.
You visited 1 branch

Inventory:

Hand Weapons
 a - a +0 war axe
 l - the +∞ Axe of Woe (weapon)
   (You found it in the Dungeon)
Missiles
 d - 3 throwing nets (quivered)
 e - a javelin
Armour
 b - a +0 leather armour (worn)
 c - a +0 helmet (worn)
Scrolls
 k - a scroll of blinking
Potions
 f - a potion of curing
 g - a potion of heal wounds
 h - a potion of haste
 i - 2 potions of magic
 j - a potion of berserk rage


   Skills:
 O Level 27 Fighting
 + Level 15.2(17.7) Short Blades
 + Level 15.2(17.7) Long Blades
 O Level 27 Axes
 + Level 15.2(24.3) Maces & Flails
 + Level 15.2(24.3) Polearms
 + Level 15.2(19.9) Staves
 + Level 15.1 Ranged Weapons
 O Level 27 Throwing
 O Level 27 Armour
 O Level 27 Dodging
 + Level 16.4 Stealth
 + Level 15.1 Shields
 + Level 15.1 Unarmed Combat
 + Level 15.1 Spellcasting
 + Level 16.4 Conjurations
 + Level 16.4 Hexes
 + Level 18.2 Summonings
 + Level 17.8 Necromancy
 + Level 15.2 Translocations
 + Level 15.2 Transmutations
 + Level 15.1 Fire Magic
 + Level 15.2 Ice Magic
 + Level 15.2 Air Magic
 + Level 15.1 Earth Magic
 + Level 16.4 Poison Magic
 O Level 27 Invocations
 + Level 18.2 Evocations
 + Level 15.5 Shapeshifting


You had 52 spell levels left.
You didn't know any spells.
Your spell library was empty.

Dungeon Overview and Level Annotations

Branches:
Dungeon (1/1)

Altars:
Makhleb


Innate Abilities, Weirdness & Mutations

You have claws for hands.
You have an unnaturally thin skeletal structure. (Dex +6, Stealth+++)
You frequently emit foul miasma when damaged in melee.
You are powered by pain.
Your magical and physical power is enhanced at high health.


Message History

Makhleb accepts your kill.
You feel better.
You hit the destroyer but do no damage.
You pulverise the destroyer into a thin bloody mist.
You destroy the destroyer!
Makhleb accepts your kill.
You feel better.
The large bag of meat explodes!
The fiery explosion engulfs the bag of meat!!!
The fiery explosion engulfs you!
The fiery explosion engulfs the destroyer!
You are engulfed in blazing flames.
You hear a shout! x4
The bag of meat is engulfed in blazing flames.
The large bag of meat is engulfed in blazing flames.
A bag of meat comes into view. It is wielding a +9 war axe.
The destroyer is engulfed in blazing flames.
The destroyer points at you and mumbles some strange words.
The destroyer blinks!
A bag of meat comes into view. It is wielding a +9 war axe.
The large bag of meat is engulfed in blazing flames.
A destroyer comes into view. It is wielding a +9 heavy great sword.
You have mastered Invocations!
Unknown command.
Unknown command.
Unknown command.
Unknown command.
The destroyer casts a spell at you.
The destroyer blinks!
The bag of meat is engulfed in blazing flames.
The bag of meat dies!
The destroyer gestures at you while chanting.
The destroyer blinks!
The large bag of meat is engulfed in blazing flames.
The large bag of meat attacks as it pursues you!
The large bag of meat hits you with a +9 giant spiked club!!!
* * * LOW HITPOINT WARNING * * *
You focus on the pain.
You feel very mighty all of a sudden.
The large bag of meat hits you with a +9 giant spiked club!!!
You die...

......#.#....V..
.o........§...##
............O...
.o.o........z...
.......○.o......
.....D°V§○°...O.
#oz.o§°§#
#...o§§O# ..
.###..°OV)@###...
.....°###)))......
.z.o.._VoV.......
...#..o..#.......
. #_.<._#..O....
#...§.#......#
......_..........
......###o........
.###.. ...###...


You could see an eight-headed meat hydra (drained), 4 destroyers, a sculptor of
flesh, 2 large bags of meat, a meat berserker (berserk) and 10 bags of meat.

Vanquished Creatures
  Harold (D)
  6 vampire knights (D)
  16 ogres (D)
  2 two-headed ogres (D)
  A hydra (D)
  44 orcs (D)
70 creatures vanquished.

Vanquished Creatures (others)
  An orc (D)
1 creature vanquished.

Grand Total: 71 creatures vanquished

Notes
Turn   | Place    | Note
-------+----------+-------------------------------------------
     0 | D        | Found the +∞ Axe of Woe
     0 | D        | zazu2006 the Demonspawn Gladiator began the quest for the
                  | Orb.
     0 | D        | Reached XP level 1. HP: 16/16 MP: 1/1
     2 | D        | Noticed a bag of meat
     3 | D        | Noticed a bag of meat
     4 | D        | Became a worshipper of Makhleb the Destroyer
     4 | D        | Noticed a bag of meat
     4 | D        | Noticed a bag of meat
     5 | D        | Noticed a bag of meat
     7 | D        | Killed a bag of meat
     8 | D        | Reached skill level 15 in Axes
     8 | D        | Reached skill level 15 in Dodging
     8 | D        | Gained mutation: You have a somewhat thin skeletal
                  | structure. (Dex +2, Stealth+) [demonic ancestry]
     8 | D        | Reached XP level 2. HP: 34/34 MP: 2/2
     8 | D        | Gained mutation: You sometimes gain a little power by
                  | taking damage. [demonic ancestry]
     8 | D        | Reached XP level 3. HP: 39/39 MP: 3/3
     8 | D        | Gained mutation: You may rarely emit foul miasma when
                  | damaged in melee. [demonic ancestry]
     8 | D        | Reached XP level 4. HP: 46/46 MP: 4/4
     8 | D        | Gained mutation: You have sharp fingernails. [demonic
                  | ancestry]
     8 | D        | Reached XP level 5. HP: 52/52 MP: 5/5
     8 | D        | Gained mutation: You have very sharp fingernails. [demonic
                  | ancestry]
     8 | D        | Reached XP level 6. HP: 58/58 MP: 6/6
     8 | D        | Reached XP level 7. HP: 64/64 MP: 7/7
     8 | D        | Reached XP level 8. HP: 71/71 MP: 8/8
     8 | D        | Gained mutation: You have claws for hands. [demonic
                  | ancestry]
     8 | D        | Reached XP level 9. HP: 76/76 MP: 9/9
     8 | D        | Reached XP level 10. HP: 83/83 MP: 10/10
     8 | D        | Noticed a meat berserker
     8 | D        | Killed a bag of meat
     8 | D        | Reached * piety under Makhleb
     9 | D        | Reached skill level 10 in Fighting
     9 | D        | Reached XP level 11. HP: 92/92 MP: 11/11
     9 | D        | Noticed a meat berserker
    10 | D        | Noticed a bag of meat
    10 | D        | Noticed a bag of meat
    10 | D        | Noticed a bag of meat
    11 | D        | Killed a bag of meat
    11 | D        | Noticed a meat berserker
    11 | D        | Noticed a meat berserker
    12 | D        | Reached skill level 10 in Throwing
    12 | D        | Gained mutation: You have a moderately thin skeletal
                  | structure. (Dex +4, Stealth++) [demonic ancestry]
    12 | D        | Reached XP level 12. HP: 100/100 MP: 12/12
    12 | D        | Killed a meat berserker
    12 | D        | Killed a bag of meat
    12 | D        | Reached ** piety under Makhleb
    12 | D        | Noticed a bag of meat
    12 | D        | Noticed a meat berserker
    13 | D        | Reached XP level 13. HP: 112/112 MP: 13/13
    13 | D        | Noticed a meat berserker
    13 | D        | Killed a bag of meat
    13 | D        | Noticed a meat berserker
    13 | D        | Noticed a bag of meat
    14 | D        | Reached XP level 14. HP: 121/121 MP: 14/14
    14 | D        | Noticed a meat berserker
    14 | D        | Killed a meat berserker
    15 | D        | Reached skill level 15 in Fighting
    15 | D        | Noticed a bag of meat
    15 | D        | Noticed a bag of meat
    15 | D        | Noticed a bag of meat
    15 | D        | Noticed a bag of meat
    16 | D        | Killed a meat berserker
    16 | D        | Reached *** piety under Makhleb
    16 | D        | Noticed a meat berserker
    16 | D        | Noticed a bag of meat
    17 | D        | Gained mutation: You have an unnaturally thin skeletal
                  | structure. (Dex +6, Stealth+++) [demonic ancestry]
    17 | D        | Reached XP level 15. HP: 132/132 MP: 15/15
    18 | D        | Killed a meat berserker
    18 | D        | Killed a meat berserker
    18 | D        | Reached **** piety under Makhleb
    18 | D        | Killed a meat berserker
    19 | D        | Reached skill level 27 in Axes
    19 | D        | Reached skill level 27 in Dodging
    19 | D        | Gained mutation: You sometimes emit foul miasma when
                  | damaged in melee. [demonic ancestry]
    19 | D        | Reached XP level 16. HP: 156/156 MP: 16/16
    19 | D        | Killed a meat berserker
    19 | D        | Killed a meat berserker
    19 | D        | Reached ***** piety under Makhleb
    20 | D        | Reached skill level 27 in Fighting
    20 | D        | Reached XP level 17. HP: 174/174 MP: 17/17
    20 | D        | Killed a meat berserker
    20 | D        | Noticed a meat berserker
    21 | D        | Reached skill level 27 in Throwing
    21 | D        | Noticed a destroyer
    21 | D        | Noticed a meat berserker
    21 | D        | Noticed a destroyer
    22 | D        | Reached skill level 15 in Armour
    22 | D        | Noticed a meat berserker
    22 | D        | Noticed a meat berserker
    23 | D        | Noticed a meat berserker
    23 | D        | Noticed a large bag of meat
    23 | D        | Noticed a meat berserker
    24 | D        | Noticed a meat berserker
    26 | D        | Gained mutation: You sometimes gain power by taking damage.
                  | [demonic ancestry]
    26 | D        | Reached XP level 18. HP: 110/182 MP: 18/18
    26 | D        | Killed a meat berserker
    26 | D        | Reached ****** piety under Makhleb
    27 | D        | Killed a meat berserker
    28 | D        | Reached skill level 27 in Armour
    29 | D        | Reached skill level 5 in Short Blades
    29 | D        | Reached skill level 5 in Long Blades
    29 | D        | Reached skill level 5 in Maces & Flails
    29 | D        | Reached skill level 5 in Polearms
    29 | D        | Reached skill level 5 in Staves
    29 | D        | Reached skill level 5 in Ranged Weapons
    29 | D        | Reached skill level 5 in Stealth
    29 | D        | Reached skill level 5 in Shields
    29 | D        | Reached skill level 5 in Unarmed Combat
    29 | D        | Reached skill level 5 in Spellcasting
    29 | D        | Reached skill level 5 in Conjurations
    29 | D        | Reached skill level 5 in Hexes
    29 | D        | Reached skill level 5 in Translocations
    29 | D        | Reached skill level 5 in Transmutations
    29 | D        | Reached skill level 5 in Fire Magic
    29 | D        | Reached skill level 5 in Ice Magic
    29 | D        | Reached skill level 5 in Air Magic
    29 | D        | Reached skill level 5 in Earth Magic
    29 | D        | Reached skill level 5 in Poison Magic
    29 | D        | Reached skill level 5 in Shapeshifting
    29 | D        | Reached XP level 19. HP: 189/189 MP: 18/26
    29 | D        | Noticed The Servant
    29 | D        | Killed a meat berserker
    29 | D        | Killed The Servant
    29 | D        | Killed a destroyer
    30 | D        | Gained mutation: You frequently emit foul miasma when
                  | damaged in melee. [demonic ancestry]
    30 | D        | Reached XP level 20. HP: 197/197 MP: 18/31
    30 | D        | Killed a meat berserker
    30 | D        | Killed a meat berserker
    30 | D        | Killed a meat berserker
    31 | D        | Reached skill level 10 in Stealth
    31 | D        | Reached skill level 10 in Conjurations
    31 | D        | Reached skill level 10 in Hexes
    31 | D        | Reached skill level 10 in Poison Magic
    31 | D        | Reached skill level 15 in Invocations
    31 | D        | Reached skill level 10 in Shapeshifting
    31 | D        | Noticed a large bag of meat
    32 | D        | Reached skill level 10 in Short Blades
    32 | D        | Reached skill level 10 in Long Blades
    32 | D        | Reached skill level 10 in Maces & Flails
    32 | D        | Reached skill level 10 in Polearms
    32 | D        | Reached skill level 10 in Staves
    32 | D        | Reached skill level 10 in Ranged Weapons
    32 | D        | Reached skill level 10 in Shields
    32 | D        | Reached skill level 10 in Unarmed Combat
    32 | D        | Reached skill level 10 in Spellcasting
    32 | D        | Reached skill level 10 in Translocations
    32 | D        | Reached skill level 10 in Transmutations
    32 | D        | Reached skill level 10 in Fire Magic
    32 | D        | Reached skill level 10 in Ice Magic
    32 | D        | Reached skill level 10 in Air Magic
    32 | D        | Reached skill level 10 in Earth Magic
    32 | D        | Gained mutation: You are powered by pain. [demonic
                  | ancestry]
    32 | D        | Reached XP level 21. HP: 204/204 MP: 18/35
    32 | D        | Noticed a destroyer
    32 | D        | Noticed a destroyer
    33 | D        | Noticed a destroyer
    35 | D        | Killed a large bag of meat
    35 | D        | Noticed a large bag of meat
    36 | D        | Reached skill level 15 in Summonings
    36 | D        | Reached skill level 15 in Necromancy
    36 | D        | Reached skill level 15 in Evocations
    36 | D        | Gained mutation: Your magical and physical power is
                  | slightly enhanced at high health. [demonic ancestry]
    36 | D        | Reached XP level 22. HP: 175/212 MP: 19/38
    36 | D        | Noticed a destroyer
    37 | D        | Noticed a destroyer
    37 | D        | Killed a destroyer
    38 | D        | Noticed a large bag of meat
    38 | D        | Noticed a destroyer
    38 | D        | Noticed a destroyer
    39 | D        | Killed a destroyer
    39 | D        | Killed a destroyer
    40 | D        | Reached skill level 15 in Stealth
    40 | D        | Reached skill level 15 in Conjurations
    40 | D        | Reached skill level 15 in Hexes
    40 | D        | Reached skill level 15 in Poison Magic
    40 | D        | Gained mutation: Your magical and physical power is
                  | enhanced at high health. [demonic ancestry]
    40 | D        | Reached XP level 23. HP: 111/219 MP: 39/41
    40 | D        | Killed a destroyer
    41 | D        | Reached skill level 15 in Shapeshifting
    41 | D        | Noticed a large bag of meat
    42 | D        | Reached skill level 15 in Short Blades
    42 | D        | Reached skill level 15 in Long Blades
    42 | D        | Reached skill level 15 in Maces & Flails
    42 | D        | Reached skill level 15 in Polearms
    42 | D        | Reached skill level 15 in Staves
    42 | D        | Reached skill level 15 in Ranged Weapons
    42 | D        | Reached skill level 15 in Shields
    42 | D        | Reached skill level 15 in Unarmed Combat
    42 | D        | Reached skill level 15 in Spellcasting
    42 | D        | Reached skill level 15 in Translocations
    42 | D        | Reached skill level 15 in Transmutations
    42 | D        | Reached skill level 15 in Fire Magic
    42 | D        | Reached skill level 15 in Ice Magic
    42 | D        | Reached skill level 15 in Air Magic
    42 | D        | Reached skill level 15 in Earth Magic
    42 | D        | Noticed a destroyer
    43 | D        | Killed a large bag of meat
    43 | D        | Killed a destroyer
    43 | D        | Noticed a destroyer
    44 | D        | Reached skill level 27 in Invocations
    44 | D        | Annihilated by a large bag of meat

Illustrated notes

Levels and vault maps discovered:
D:        meatsprint

Skill      XL: |  1  2  3  4  5  6  7  8  9 10 11 12 13 14 15 16 17 18 19 20 21 22 23 |
---------------+----------------------------------------------------------------------+-----
Fighting       | 9 10 11 13 14 16 22 27 | 27.0
Axes           | 15 17 19 22 23 25 27 | 27.0
Throwing       | 7 9 10 11 12 13 17 22 27 | 27.0
Dodging        | 15 17 18 21 22 24 27 | 27.0
Armour         | 3 7 23 27 | 27.0
Short Blades   | 5 7 10 12 14 15 | 15.2
Long Blades    | 5 7 10 12 14 15 | 15.2
Maces & Flails | 5 7 10 12 14 15 | 15.2
Polearms       | 5 7 10 12 14 15 | 15.2
Staves         | 5 7 10 12 14 15 | 15.2
Ranged Weapons | 5 7 10 12 14 15 | 15.1
Stealth        | 5 8 11 13 15 16 | 16.4
Shields        | 5 7 10 12 14 15 | 15.1
Unarmed Combat | 5 7 10 12 14 15 | 15.1
Spellcasting   | 5 7 10 12 14 15 | 15.1
Conjurations   | 5 8 11 13 15 16 | 16.4
Hexes          | 5 8 11 13 15 16 | 16.4
Summonings     | 6 9 12 15 17 18 | 18.2
Necromancy     | 6 9 12 15 16 17 | 17.8
Translocations | 5 7 10 12 14 15 | 15.2
Transmutations | 5 7 10 12 14 15 | 15.2
Fire Magic     | 5 7 10 12 14 15 | 15.1
Ice Magic      | 5 7 10 12 14 15 | 15.2
Air Magic      | 5 7 10 12 14 15 | 15.2
Earth Magic    | 5 7 10 12 14 15 | 15.1
Poison Magic   | 5 8 11 13 15 16 | 16.4
Invocations    | 8 12 16 19 21 27 | 27.0
Evocations     | 6 9 12 15 17 18 | 18.2
Shapeshifting  | 5 8 10 13 14 15 | 15.5

Action                     |  1- 3 |  4- 6 |  7- 9 | 10-12 | 13-15 | 16-18 | 19-21 | 22-24 || total
---------------------------+-------+-------+-------+-------+-------+-------+-------+-------++-------
  Melee: Executioner's axe |     1 |       |       |     3 |     4 |     8 |     6 |     5 ||    27
 Invoke: Major Destruction |       |       |       |       |       |       |       |     1 ||     1

Table legend: (Time is in decaauts)
 A = Elapsed time spent in this place.
 B = Non-inter-level travel time spent in this place.
 C = Inter-level travel time spent in this place.
 D = Time resting spent in this place.
 E = Time spent auto-exploring this place.
 F = Levels seen in this place.
 G = Mean time per level.
                   A        B        C        D        E       F      G
               +--------+--------+--------+--------+--------+-----+--------+
         Total |     37 |     37 |      0 |      0 |      0 |   1 |   37.0 |
       Dungeon |     37 |     37 |      0 |      0 |      0 |   1 |   37.0 |
               +--------+--------+--------+--------+--------+-----+--------+

Top non-repeatable levels by time:
       D: 37 daAuts
